 Dungeon Crawl Stone Soup version 0.29.1-15-g9cfb28693d (webtiles) character file.

Game seed: 2179679904849989054

46 hawla the Conjurer (level 3, -2/14 HPs)
             Began as a Felid Conjurer on Apr 9, 2023.
             Slain by a hobgoblin (4 damage)
             ... on level 2 of the Dungeon.
             The game lasted 00:02:26 (2560 turns).

hawla the Conjurer (Felid Conjurer)                 Turns: 2560, Time: 00:02:26

Health: -2/14      AC:  1    Str:  3    XL:     3   Next: 46%
Magic:  7/7        EV: 17    Int: 21    God:
Gold:   124        SH:  0    Dex: 14    Spells: 3/6 levels left
                                        Lives:  0   Deaths: 0

rFire   . . .      SeeInvis +   (weapon unavailable)
rCold   . . .      Faith    .   (shield unavailable)
rNeg    . . .      Spirit   .   (body armour unavailable)
rPois   .          Reflect  .   (helmet unavailable)
rElec   .          Harm     .   (cloak unavailable)
rCorr   .          Rampage  .   (gloves unavailable)
Will    .....                   (boots unavailable)
Stlth   ++........              (no amulet)
HPRegen 0.04/turn               (no ring)
MPRegen 0.10/turn               (no ring)

@: quick
A: very small, claws 1, fangs 3, see invisible, speed 1, shaggy fur 1, stealthy
paws, no weapons or thrown items, no armour, multi-lived
a: no special abilities


You were on level 2 of the Dungeon.
You visited 1 branch of the dungeon, and saw 2 of its levels.

You collected 124 gold pieces.

Inventory:

Scrolls
 c - a scroll of identify {unknown}
 e - 2 scrolls of teleportation {unknown}
Potions
 a - a potion of flight {unknown}
 b - 2 potions of haste {unknown}
 d - 2 potions of mutation {unknown}


   Skills:
 + Level 3.3 Dodging
 + Level 3.6 Stealth
 + Level 0.3 Unarmed Combat
 + Level 2.1 Spellcasting
 + Level 4.1 Conjurations


You had 3 spell levels left.
You knew the following spells:

 Your Spells              Type           Power      Damage    Failure   Level
a - Magic Dart            Conj           76%        1d6       2%          1
b - Searing Ray           Conj           38%        2d5       4%          2

Your spell library contained the following spells:

 Spells                   Type           Power      Damage    Failure   Level
 Dazzling Flash           Conj/Hex       22%        N/A       19%         3
 Ensorcelled Hibernation  Hex/Ice        4%         N/A       22%         2
 Spider Form              Tmut/Pois      2%         N/A       41%         3
 Fulminant Prism          Conj/Hex       5%         3d7       52%         4
 Iskenderun's Mystic Bla  Conj/Tloc      11%        2d4       52%         4
 Anguish                  Hex/Necr       1%         N/A       82%         4


Dungeon Overview and Level Annotations

Branches:
Dungeon (2/15)

Altars:


Innate Abilities, Weirdness & Mutations

You have sharp claws.
You have razor-sharp teeth.
You have supernaturally acute eyesight. (SInv)
You cover ground quickly. (Speed+)
You are covered in fur. (AC +1)
Your paws help you pounce on unaware monsters.
You are incapable of wielding weapons or throwing items.
You cannot wear armour.
You gain extra lives every three experience levels.


Message History

A rat comes into view.
You scratch the rat but do no damage. You bite the rat.
The rat is heavily wounded.
The rat completely misses you.
You barely miss the rat.
The rat is heavily wounded.
The rat misses you.
You closely miss the rat. You bite the rat.
You kill the rat!
No target in view!
You now have 124 gold pieces (gained 16).
You see here a scarf of invisibility.
A hobgoblin comes into view.
The hobgoblin shouts!
A hobgoblin is nearby!
You closely miss the hobgoblin. The hobgoblin hits you.
You scratch the hobgoblin.
The hobgoblin is moderately wounded.
The hobgoblin misses you.
You barely miss the hobgoblin.
You bite the hobgoblin, but do no damage.
The hobgoblin is moderately wounded.
The hobgoblin misses you.
You scratch the hobgoblin.
The hobgoblin is almost dead.
The hobgoblin completely misses you.
You barely miss the hobgoblin.
The hobgoblin is almost dead.
The hobgoblin hits you.
You are too injured to fight recklessly!
You are too injured to fight recklessly!
You are too injured to fight recklessly!
You barely miss the hobgoblin. Your bite misses the hobgoblin.
The hobgoblin is almost dead.
The hobgoblin hits you.
* * * LOW HITPOINT WARNING * * *
You scratch the hobgoblin but do no damage.
The hobgoblin is almost dead.
The hobgoblin hits you.
You die...

##...#.#######
#..### [. #.## .#
#.# .. ##.# .
#[.# ##. #.##
.....#####.#
......g@...#
....#####........
. ##.####.. #.#
... ..# ....# .##
....# . ..... ...
#.


You could see a hobgoblin.

Vanquished Creatures
  A dart slug (D:1)
  3 bats (D:1)
  An endoplasm (D:2)
  3 giant cockroaches (D:1)
  3 goblins (D:1)
  4 hobgoblins
  12 jackals (D:1)
  A quokka (D:1)
  3 ball pythons
  A frilled lizard (D:2)
  4 rats
36 creatures vanquished.

Notes
Turn   | Place    | Note
-------+----------+-------------------------------------------
     0 | D:1      | hawla the Felid Conjurer began the quest for the Orb.
     0 | D:1      | Reached XP level 1. HP: 7/7 MP: 4/4
   360 | D:1      | Reached XP level 2. HP: 10/11 MP: 6/6
   364 | D:1      | Learned a level 2 spell: Searing Ray
   423 | D:1      | Found a faded altar of an unknown god.
   909 | D:1      | Reached skill level 4 in Conjurations
  1513 | D:1      | Reached XP level 3. HP: 8/14 MP: 1/7
  2560 | D:2      | Slain by a hobgoblin

Illustrated notes

Levels and vault maps discovered:
D:1:      mrwooster_arrival_statue_3, layout_basic,
          dreamdust_ecumenical_altar_angels_and_demons
D:2:      layout_rooms

Skill      XL: |  1  2 |
---------------+-------+-----
Stealth        | 3 |  3.6
Dodging        | 3 |  3.3
Conjurations   | 4 |  4.1
Unarmed Combat | |  0.3
Spellcasting   | |  2.1

Action                   || total
-------------------------++-------
Melee: Unarmed           ||    73
       Bite              ||     9
 Cast: Magic Dart        ||    20
       Searing Ray       ||     4
  Use: Potion            ||     1
 Stab: Sleeping          ||     6
Armor: Skin              ||     5
Dodge: Dodged            ||    90
